 Dungeon Crawl Stone Soup version 0.30-a0-830-gfe289a77b0 (webtiles) character file.

Game seed: 14197623960934725656

227 Nacht the Shooter (level 5, -2/63 HPs)
             Began as a Demonspawn Hunter on Feb 28, 2023.
             Succumbed to Ijyb's poison
             ... on level 3 of the Dungeon.
             The game lasted 00:01:30 (1174 turns).

Nacht the Shooter (Demonspawn Hunter)               Turns: 1174, Time: 00:01:31

Health: -2/63      AC: 22    Str: 12    XL:     5   Next: 70%
Magic:  5/5        EV:  2    Int: 12    God:
Gold:   85         SH:  0    Dex: 16    Spells: 4/4 levels left

rFire   . . .      SeeInvis .    a - +0 shortbow
rCold   . . .      Faith    .    (shield currently unavailable)
rNeg    . . .      Spirit   .    (body armour currently unavailable)
rPois   +          Reflect  .    (helmet currently unavailable)
rElec   .          Harm     .    (cloak currently unavailable)
rCorr   .          Rampage  .    (gloves currently unavailable)
Will    .....      NoTele   +    (boots currently unavailable)
Stlth   ++                       (no amulet)
HPRegen 0.30/turn                (no ring)
MPRegen 0.09/turn                (no ring)

@: lethally poisoned (-2 -> -17), tree-form
A: stationary, stasis, torment immunity, boosted hp, (thin metallic scales 1),
powered by death 1, (spiny 1), (weakness stinger 1)
a: no special abilities


You were on level 3 of the Dungeon.
You were a tree.
You visited 1 branch of the dungeon, and saw 4 of its levels.

You collected 85 gold pieces.

Inventory:

Hand Weapons
 a - a +0 shortbow (weapon)
Missiles
 f - 3 throwing nets
Armour
 c - a +0 leather armour (melded)
Scrolls
 b - a scroll of immolation
 g - a scroll of vulnerability {unknown}
 j - a scroll of noise {unknown}
 l - 2 scrolls of fog {unknown}
Potions
 d - a potion of cancellation {unknown}
 e - 2 potions of heal wounds {unknown}
 h - a potion of berserk rage {unknown}
 i - a potion of lignification
 k - a potion of brilliance {unknown}
 m - a potion of resistance {unknown}


   Skills:
 + Level 3.8 Fighting
 + Level 4.7 Ranged Weapons
 + Level 3.4 Dodging
 - Level 0.8 Stealth


You had 4 spell levels left.
You didn't know any spells.
Your spell library was empty.

Dungeon Overview and Level Annotations

Branches:
Dungeon (4/15)
 Temple: D:4-7

Altars:

Annotations:
D:3 Ijyb


Innate Abilities, Weirdness & Mutations

You are a tree.
Your roots penetrate the ground, keeping you stationary.
You cannot be teleported.
You are immune to unholy pain and torment.
Your maximum health is greatly increased.
Your equipment is partially melded.
((You are partially covered in thin metallic scales. (AC +2)))
You regenerate a little health from kills.
((You are partially covered in sharp spines.))
((You have a small tail.))


Message History

You are too injured to fight recklessly!
You are too injured to fight recklessly!
You are too injured to fight recklessly!
You are too injured to fight recklessly!
You are too injured to fight recklessly!
You are too injured to fight recklessly!
You are too injured to fight recklessly!
You are too injured to fight recklessly!
You are too injured to fight recklessly!
You are too injured to fight recklessly!
You are too injured to fight recklessly!
You are too injured to fight recklessly!
You are too injured to fight recklessly!
You are too injured to fight recklessly!
You are too injured to fight recklessly!
You are too injured to fight recklessly!
You are too injured to fight recklessly!
You are too injured to fight recklessly!
You are too injured to fight recklessly!
You are too injured to fight recklessly!
You are too injured to fight recklessly!
You are too injured to fight recklessly!
You are too injured to fight recklessly!
You are too injured to fight recklessly!
You are too injured to fight recklessly!
You are too injured to fight recklessly!
You are too injured to fight recklessly!
You are too injured to fight recklessly!
You are too injured to fight recklessly!
You are too injured to fight recklessly!
You are too injured to fight recklessly!
You are too injured to fight recklessly!
You shoot an arrow. The arrow barely misses Ijyb.
You feel very sick.
Ijyb zaps a wand.
The bolt of dispelling energy hits you!
* * * LOW HITPOINT WARNING * * *
It was a potion of lignification.
You turn into a tree.
Your +0 leather armour melds into your body.
Your roots penetrate the ground.
You die...

##).......# #))#
#........# #.##
#........# ##.#
#........###..######
######...##........#
###.##........# ##
#..>........#
....#####.#.......#
#...g♣#.#.......#
#...#.#.#########
##. #...# .. #####
##


You could see Ijyb.

Vanquished Creatures
  An ogre (D:3)
  4 gnolls
  4 adders
  A worm (D:2)
  A dart slug (D:1)
  An orc (D:3)
  3 endoplasms
  3 giant cockroaches
  9 goblins
  4 hobgoblins
  4 jackals (D:1)
  2 quokkas (D:1)
  2 ball pythons
  3 bats
  2 frilled lizards (D:1)
  7 kobolds
  9 rats
60 creatures vanquished.

Vanquished Creatures (others)
  A plant (D:1)
1 creature vanquished.

Grand Total: 61 creatures vanquished

Notes
Turn   | Place    | Note
-------+----------+-------------------------------------------
     0 | D:1      | Nacht the Demonspawn Hunter began the quest for the Orb.
     0 | D:1      | Reached XP level 1. HP: 16/16 MP: 1/1
   153 | D:1      | Gained mutation: You have a small tail. [demonic ancestry]
   153 | D:1      | Reached XP level 2. HP: 22/22 MP: 2/2
   168 | D:1      | Found a faded altar of an unknown god.
   297 | D:1      | Gained mutation: You are partially covered in sharp spines.
                  | [demonic ancestry]
   297 | D:1      | Reached XP level 3. HP: 27/28 MP: 3/3
   321 | D:1      | Reached skill level 4 in Ranged Weapons
   816 | D:2      | Gained mutation: You regenerate a little health from kills.
                  | [demonic ancestry]
   816 | D:2      | Reached XP level 4. HP: 34/34 MP: 4/4
   821 | D:2      | You fall into a shaft and drop 2 floors!
   918 | D:3      | Noticed an ogre
   927 | D:3      | Killed an ogre
   928 | D:3      | Gained mutation: You are partially covered in thin metallic
                  | scales. (AC +2) [demonic ancestry]
   928 | D:3      | Reached XP level 5. HP: 11/41 MP: 5/5
  1164 | D:3      | Noticed Ijyb
  1173 | D:3      | HP: 1/42 [Ijyb/bolt of dispelling energy (12)]
  1174 | D:3      | Succumbed to Ijyb's poison

Illustrated notes

Levels and vault maps discovered:
D:1:      dpeg_arrival_snail, layout_basic, shapermc_ecumenical_altar_gd,
          minmay_misc_feat_chi, grunt_decor_resistance, st_stairs_10
D:2:      layout_basic
D:3:      layout_basic, uniq_ijyb
D:4:      layout_gridville, nicolae_uskayaw_en_pointe, serial_rivers,
          chequers_serial_rivers_micro_a, chequers_serial_rivers_small_a,
          chequers_serial_rivers_room_b, chequers_serial_rivers_large_b,
          chequers_serial_rivers_micro_c, chequers_serial_rivers_micro_a,
          serial_shops, nicolae_square_shop, uniq_eustachio, uniq_natasha

Skill      XL: |  1  2  3  4 |
---------------+-------------+-----
Dodging        | 2 3 |  3.4
Ranged Weapons | 4 |  4.7
Fighting       | 3 |  3.8
Stealth        | |  0.8

Action                     |  1- 3 |  4- 6 || total
---------------------------+-------+-------++-------
   Fire: Shortbow          |   122 |    63 ||   185
    Use: Potion            |       |     1 ||     1
 Armour: Leather armour    |    19 |     3 ||    22
  Dodge: Dodged            |    32 |    19 ||    51

Table legend: (Time is in decaauts)
 A = Elapsed time spent in this place.
 B = Non-inter-level travel time spent in this place.
 C = Inter-level travel time spent in this place.
 D = Time resting spent in this place.
 E = Time spent auto-exploring this place.
 F = Levels seen in this place.
 G = Mean time per level.
                   A        B        C        D        E       F      G
               +--------+--------+--------+--------+--------+-----+--------+
         Total |   1235 |   1211 |     24 |      0 |    863 |   4 |  308.8 |
       Dungeon |   1235 |   1211 |     24 |      0 |    863 |   4 |  308.8 |
               +--------+--------+--------+--------+--------+-----+--------+

Top non-repeatable levels by time:
     D:1: 693 daAuts
     D:3: 351 daAuts
     D:2: 169 daAuts
     D:4: 21 daAuts
